 Dungeon Crawl Stone Soup version 0.24.0-37-gcf1ca852f1 (webtiles) character file.

Game seed: 4706812406310934839, levelgen mode: deterministic

30 Descartes the Grasshopper (level 3, 0/16 HPs)
             Began as a Felid Warper on Nov 30, 2019.
             Slain by Natasha (5 damage)
             ... on level 2 of the Dungeon.
             The game lasted 00:02:12 (1019 turns).

Descartes the Grasshopper (Felid Warper)            Turns: 1019, Time: 00:02:13

Health: 0/16       AC:  1    Str:  8    XL:     3   Next: 5%
Magic:  7/7        EV: 18    Int: 14    God:
Gold:   53         SH:  0    Dex: 15    Spells: 2/6 levels left
                                        Lives:  0   Deaths: 0

rFire    . . .     SeeInvis +     - Unarmed
rCold    . . .     Gourm    .   (shield unavailable)
rNeg     . . .     Faith    .   (armour unavailable)
rPois    .         Spirit   .   (helmet unavailable)
rElec    .         Reflect  .   (cloak unavailable)
rCorr    .         Harm     .   (gloves unavailable)
MR       .....                  (boots unavailable)
Stlth    +++.......             (no amulet)
HPRegen  0.05/turn              (no ring)
MPRegen  0.10/turn              (no ring)

@: quick
A: very small, no armour, no weapons or thrown items, stealth, claws 1, fangs 3,
see invisible, carnivore, speed 1, shaggy fur 1, slow metabolism 1, sharp paws
a: no special abilities


You were on level 2 of the Dungeon.
You were completely stuffed.

You visited 1 branch of the dungeon, and saw 2 of its levels.

You collected 53 gold pieces.

Inventory:

Missiles
 d - 88 stones
 f - 22 arrows
Scrolls
 a - a scroll of identify {unknown}
 b - a scroll of blinking
 e - 2 scrolls of teleportation {unknown}
 i - 3 scrolls of fog {unknown}
Comestibles
 c - 3 rations
 h - 6 chunks of flesh


   Skills:
 + Level 2.2 Fighting
 + Level 3.5 Dodging
 * Level 2.3 Stealth
 * Level 2.5 Unarmed Combat
 - Level 2.0 Spellcasting
 + Level 0.3 Charms
 + Level 4.4 Translocations


You had 2 spell levels left.
You knew the following spells:

 Your Spells              Type           Power        Failure   Level  Hunger
a - Blink                 Tloc           N/A          6%          2    ###....
b - Shroud of Golubria    Chrm/Tloc      #.....       13%         2    ###....

Your spell library contained the following spells:

 Spells                   Type           Power        Failure   Level  Hunger
 Gell's Gravitas          Tloc           ##........   12%         3    ####...
 Lesser Beckoning         Tloc           ##........   12%         3    ####...
 Teleport Other           Tloc           ##......     12%         3    ####...
 Passage of Golubria      Tloc           N/A          36%         4    #####..


Dungeon Overview and Level Annotations

Branches:
Dungeon (2/15)

Altars:

Annotations:
D:2 Natasha


Innate Abilities, Weirdness & Mutations

You cannot wear armour.
You are incapable of wielding weapons or throwing items.
Your paws allow you to move quietly. (Stealth)
You have sharp claws.
You have razor-sharp teeth.
You have supernaturally acute eyesight. (SInv)
You are carnivorous and can eat meat at any time.
You cover ground quickly.
You are covered in fur. (AC +1)
You have a slow metabolism.
Your sharp claws are effective at attacking unaware monsters.


Message History

d - 88 stones (gained 2)
You see here a +0 dagger.
Natasha, Servant of Life and Death comes into view.
Natasha casts a spell at you. The magic dart hits you!
Ouch! That really hurt!
You are too injured to fight recklessly!
You are too injured to fight recklessly!
It was a potion of curing.
You feel better.
You scratch Natasha but do no damage. Natasha closely misses you.
You closely miss Natasha. Natasha claws you!
Ouch! That really hurt!
A rat comes into view.
You scratch Natasha.
Natasha is moderately wounded.
Natasha mumbles some strange words.
You barely miss Natasha.
Natasha is moderately wounded.
Natasha claws you.
You die...

#.# #.# #.# ##.#####
#......# #).###.#######
##. #............#
.r...#####...##.#####.#
#....h@5....##.# #.#
#.#.#####..^..#.# #.#
##...##.# #.# #..###.#
#.# #......# #.#
##.#### #.## '# #... ..
#..# #.).


You could see Natasha, a crimson imp and a rat.

Vanquished Creatures
  2 leopard geckos (D:1)
  2 bats
  A giant cockroach (D:1)
  4 goblins
  5 hobgoblins
  7 kobolds
  A frilled lizard (D:1)
  3 rats (D:1)
25 creatures vanquished.

Vanquished Creatures (others)
  A bat (D:1)
1 creature vanquished.

Grand Total: 26 creatures vanquished

Notes
Turn   | Place    | Note
-------+----------+-------------------------------------------
     0 | D:1      | Descartes the Felid Warper began the quest for the Orb.
     0 | D:1      | Reached XP level 1. HP: 9/9 MP: 4/4
   227 | D:1      | Reached skill level 1 in Stealth
   260 | D:1      | Reached XP level 2. HP: 13/13 MP: 6/6
   271 | D:1      | Learned a level 2 spell: Blink
   274 | D:1      | Learned a level 2 spell: Shroud of Golubria
   859 | D:2      | Reached XP level 3. HP: 16/16 MP: 7/7
  1011 | D:2      | Noticed Natasha
  1019 | D:2      | Slain by Natasha

Levels and vault maps discovered:
D:1:      grunt_arrival_crossed_arrows, layout_basic, lemuel_another_geyser
D:2:      layout_loops_corners, amethyst_overflow_temple_binary, uniq_natasha

Skill      XL: |  1  2 |
---------------+-------+-----
Stealth        | 1 2 |  2.3
Fighting       | |  2.2
Dodging        | |  3.5
Unarmed Combat | |  2.5
Spellcasting   | |  2.0
Charms         | |  0.3
Translocations | |  4.4

Action                   || total
-------------------------++-------
Melee: Unarmed           ||    86
       Bite              ||     3
  Use: Potion            ||     1
 Stab: Sleeping          ||     7
  Eat: Chunk             ||     8
Armor: Skin              ||     3
Dodge: Dodged            ||    57
